 Dungeon Sprint DCSS version 0.21.0-24-g2553a33 (webtiles) character file.

58 letownia2 the Ruffian (level 3, 0/35 HPs)
             Began as a Troll Wizard on Jan 20, 2018.
             Was an Initiate of Gozag.
             Killed from afar by an oklob sapling priest (20 damage)
             ... with a splash of acid
             ... in the Dungeon (Sprint IV: "Fedhas' Mad Dash").
             The game lasted 00:00:49 (149 turns).

letownia2 the Ruffian (Troll Wizard)                 Turns: 149, Time: 00:00:49

Health: 0/35       AC:  1    Str: 15    XL:     3   Next: 76%
Magic:  4/5        EV:  9    Int: 15    God:    Gozag
Gold:   48         SH:  0    Dex:  8    Spells: 0/7 levels left

rFire    . . .     SeeInvis .     - Unarmed
rCold    . . .     Gourm    +   (no shield)
rNeg     . . .     Faith    .   a - +0 robe
rPois    .         Spirit   .   b - +0 hat
rElec    .         Reflect  .   (no cloak)
rCorr    .         Harm     .   (gloves unavailable)
MR       .....     NoTele   +   (boots unavailable)
Stlth    +.........             l - amulet of invisibility {+Inv}
HPRegen  0.51/turn              (no ring)
MPRegen  0.09/turn              (no ring)

@: corroded, very slightly contaminated, invisible (expiring)
A: large, unfitting armour, claws 3, fast metabolism 3, gourmand, regeneration
1, shaggy fur 1, tough skin 2
a: Potion Petition, Call Merchant, Bribe Branch, Renounce Religion


You were in the Dungeon.
You worshipped Gozag.
Gozag was noncommittal.
You were not hungry.

You visited 1 branch You collected 48 gold pieces.

Inventory:

Armour
 a - a +0 robe (worn)
 b - a +0 hat (worn)
Jewellery
 l - the amulet of invisibility (around neck) {+Inv}
   (You found it in the Dungeon)

   [amulet of nothing]

   It lets you turn invisible.
Scrolls
 j - a scroll of blinking
 k - a scroll of remove curse {unknown}
Potions
 e - a potion of curing
 f - a potion of heal wounds
 g - a potion of haste
 h - 2 potions of magic
 i - a potion of berserk rage
Books
 c - a book of Minor Magic

   Spells                             Type                      Level
   a - Magic Dart                     Conjuration                  1
   b - Blink                          Translocation                2
   c - Call Imp                       Summoning                    2
   d - Slow                           Hexes                        2
   e - Conjure Flame                  Conjuration/Fire             3
   f - Mephitic Cloud                 Conjuration/Poison/Air       3
Comestibles
 d - 2 rations


   Skills:
 - Level 1.7 Fighting
 - Level 1.5 Dodging
 - Level 1.0 Stealth
 * Level 6.3 Unarmed Combat
 - Level 2.5 Spellcasting
 - Level 0.6 Conjurations
   Level 0.6 Summonings
   Level 0.6 Translocations


You couldn't memorise any spells.
You knew the following spells:

 Your Spells              Type           Power        Failure   Level  Hunger
a - Magic Dart            Conj           #...         16%         1    #......
c - Conjure Flame         Conj/Fire      #.......     50%         3    ###....
e - Mephitic Cloud        Conj/Pois/Air  #.......     50%         3    ###....


Dungeon Overview and Level Annotations

Branches:
Dungeon (1/1)

Altars:
Cheibriados
Dithmenos
Elyvilon
Gozag
Hepliaklqana
Kikubaaqudgha
Makhleb
Nemelex Xobeh
Okawaru
Qazlal
Ru
Sif Muna
Trog
Uskayaw
Vehumet
Wu Jian
Xom
Yredelemnul
Zin
The Shining One
Beogh
Jiyva
Lugonu

Annotations:
D exclusion: oklob sapling


Innate Abilities, Weirdness & Mutations

You are too large for most types of armour.
You have claws for hands.
Your metabolism is lightning-fast.
You like to eat raw meat.
Your natural rate of healing is unusually fast.
You are covered in fur. (AC +1)
You have very tough skin. (AC +2)


Message History

The splash of acid hits you! The acid corrodes you!
You are splashed with acid!
The acid burns!
You strike the helpless oklob sapling priest from behind!
You scratch the oklob sapling priest but do no damage.
The oklob sapling priest is moderately damaged.
You catch the helpless oklob sapling priest completely off-guard!
You scratch the oklob sapling priest but do no damage.
The oklob sapling priest is moderately damaged.
Unknown command.
You scratch the oklob sapling priest but do no damage.
The oklob sapling priest is moderately damaged.
You flicker for a moment.
Unknown command.
You scratch the oklob sapling priest but do no damage.
The oklob sapling priest is moderately damaged.
The oklob sapling priest spits acid at you.
The splash of acid hits you!
Ouch! That really hurt!
You die...
Your body crumbles into a pile of gold.

########################
....#.....#.⌠._._._._.⌠.
$
....'.#(..'.._._@_._._..
$ $
....#.#...#..._._P_._...
########+##.._._._._._..
$ #._._._._._.⌠. $
$############## $ $$ $


You could see an oklob sapling priest.

Vanquished Creatures
  An oklob sapling (D)
  A worker ant (D)
  A river rat (D)
  A rat (D)
4 creatures vanquished.

Notes
Turn   | Place    | Note
-------+----------+-------------------------------------------
     0 | D        | letownia2 the Troll Wizard began the quest for the Orb.
     0 | D        | Reached XP level 1. HP: 16/16 MP: 2/2
     8 | D        | Reached skill level 1 in Fighting
     8 | D        | Reached skill level 3 in Unarmed Combat
     8 | D        | Reached XP level 2. HP: 18/28 MP: 4/4
    18 | D        | Noticed an oklob sapling
    30 | D        | HP: 1/28 [acid (13)]
    86 | D        | Killed an oklob sapling
    86 | D        | Reached skill level 5 in Unarmed Combat
    86 | D        | Reached XP level 3. HP: 35/35 MP: 5/5
    91 | D        | Learned a level 3 spell: Mephitic Cloud
    95 | D        | Learned a level 3 spell: Conjure Flame
    97 | D        | Found the amulet of invisibility {+Inv}
   101 | D        | Reached skill level 6 in Unarmed Combat
   133 | D        | Found an opulent altar of Gozag.
   133 | D        | Found a hazy altar of Hepliaklqana.
   133 | D        | Found a burning altar of Makhleb.
   133 | D        | Found a sparkling altar of Nemelex Xobeh.
   133 | D        | Found a sacrificial altar of Ru.
   133 | D        | Found a deep blue altar of Sif Muna.
   133 | D        | Found an ornate altar of the Wu Jian Council.
   133 | D        | Found a shimmering altar of Xom.
   133 | D        | Found a basalt altar of Yredelemnul.
   136 | D        | Found a viscous altar of Jiyva.
   136 | D        | Found a roughly hewn altar of Beogh.
   136 | D        | Found a snail-covered altar of Cheibriados.
   136 | D        | Found a bloodstained altar of Trog.
   136 | D        | Noticed an oklob sapling priest
   137 | D        | Found an iron altar of Okawaru.
   137 | D        | Found a shadowy altar of Dithmenos.
   137 | D        | Found a glowing silver altar of Zin.
   138 | D        | Found an ancient bone altar of Kikubaaqudgha.
   138 | D        | Found a hide-covered altar of Uskayaw.
   139 | D        | Found a stormy altar of Qazlal.
   139 | D        | Found a white marble altar of Elyvilon.
   139 | D        | Found a glowing golden altar of the Shining One.
   140 | D        | Became a worshipper of Gozag Ym Sagoz the Greedy
   141 | D        | Found a corrupted altar of Lugonu.
   141 | D        | Found a radiant altar of Vehumet.
   149 | D        | Killed from afar by an oklob sapling priest

Skill      XL: |  1  2  3 |
---------------+----------+-----
Fighting       | 1 |  1.7
Unarmed Combat | 3 5 6 |  6.3
Dodging        | |  1.5
Stealth        | |  1.0
Spellcasting   | |  2.5
Conjurations   | |  0.6
Summonings     | |  0.6
Translocations | |  0.6

Action                   || total
-------------------------++-------
Melee: Unarmed           ||    18
 Abil: Evoke Invisibilit ||     1
 Stab: Invisible         ||     2
       Sleeping          ||     1
Dodge: Dodged            ||     5
